 Dungeon Crawl Stone Soup version 0.29.1-15-g9cfb28693d (webtiles) character file.

Game seed: 15328403973324838783

59 Silvore the Trooper (level 3, -5/33 HPs)
             Began as a Minotaur Fighter on May 2, 2023.
             Slain by an orc
             ... wielding a +0 trident
              (6 damage)
             ... on level 2 of the Dungeon.
             The game lasted 00:01:14 (905 turns).

Silvore the Trooper (Minotaur Fighter)               Turns: 905, Time: 00:01:14

Health: -5/33      AC:  7    Str: 22    XL:     3   Next: 78%
Magic:  2/2        EV:  9    Int:  5    God:
Gold:   63         SH:  0    Dex:  9    Spells: 2/2 levels left

rFire   . . .      SeeInvis .   a - +0 long sword
rCold   . . .      Faith    .   c - +0 buckler
rNeg    . . .      Spirit   .   b - +0 scale mail
rPois   .          Reflect  .   (helmet restricted)
rElec   .          Harm     .   (no cloak)
rCorr   .          Rampage  .   (no gloves)
Will    .....                   (no boots)
Stlth   ..........              (no amulet)
HPRegen 0.11/turn               (no ring)
MPRegen 0.08/turn               (no ring)

@: confused, mighty
A: horns 2, retaliatory headbutt
a: no special abilities


You were on level 2 of the Dungeon.
You visited 1 branch of the dungeon, and saw 2 of its levels.

You collected 63 gold pieces.

Inventory:

Hand Weapons
 a - a +0 long sword (weapon)
Armour
 b - a +0 scale mail (worn)
 c - a +0 buckler (worn)
 h - a +2 pair of gloves
Scrolls
 e - a scroll of teleportation {unknown}
 f - a scroll of fear {unknown}
 g - a scroll of noise {unknown}


   Skills:
 + Level 4.2 Fighting
 + Level 3.4 Long Blades
 + Level 4.2 Armour
 + Level 4.0 Shields


You had 2 spell levels left.
You didn't know any spells.
Your spell library was empty.

Dungeon Overview and Level Annotations

Branches:
Dungeon (2/15)

Altars:


Innate Abilities, Weirdness & Mutations

You have a pair of horns on your head.
You reflexively headbutt those who attack you in melee.


Message History

The orc priest looks encouraged for a moment.
Unknown command.
You hit something. Your headbutt misses something.
Something hits you but does no damage. You block the orc's attack.
An orc comes into view. It is wielding a +0 hand axe.
You barely miss something.
The orc priest calls upon Beogh to heal the orc.
The orc's wounds heal themselves!
You hear some strange, mumbled words.
You are confused.
The orc closely misses you.
You bump into the rock wall.
You hear some strange, mumbled words.
You are more confused.
The orc hits you but does no damage.
You closely miss something. Something hits you but does no damage.
The orc hits you from afar with a +0 trident.
You bump into the rock wall.
You hear some strange, mumbled words.
A magic dart appears from out of thin air!
The magic dart hits you!
The orc priest looks satisfied for a moment.
The orc barely misses you.
A ball python comes into view.
You feel very mighty all of a sudden. Something hits you but does no damage.
The orc barely misses you.
You bump into the rock wall.
Something hits you but does no damage.
The orc priest invokes the aid of Beogh against you.
Beogh smites you!
* * * LOW HITPOINT WARNING * * *
The orc hits you from afar with a +0 trident.
* * * LOW HITPOINT WARNING * * *
You hear an angry hiss.
You are too confused!
You bump into the rock wall.
Something hits you but does no damage.
The orc hits you from afar with a +0 trident.
* * * LOW HITPOINT WARNING * * *
You barely miss something. Something hits you but does no damage.
The orc hits you from afar with a +0 trident.
You die...

#.....# #.....##. #?..)... #
####### #.....# .# ......##
###.....##.# ..###..#####
##..........# #.####.....###
###†........#
#...######...######...........###
###..# ###....@{oo##...........
##.## #######o.....#.....#..
#..## .......#......... ##..###
...$...#...........
##...####.#.....##...........
#######.......#.....##...........
#........#.......................
##...#.....####(.................
####..........# ...#..........


You could see an orc priest and 2 orcs.

Vanquished Creatures
  Natasha (D:2)
  An adder (D:2)
  A dart slug (D:1)
  2 endoplasms (D:1)
  2 giant cockroaches (D:1)
  2 goblins (D:1)
  A hobgoblin (D:1)
  A quokka (D:1)
  5 ball pythons
  A frilled lizard (D:1)
  3 kobolds (D:1)
  4 rats
24 creatures vanquished.

Notes
Turn   | Place    | Note
-------+----------+-------------------------------------------
     0 | D:1      | Silvore the Minotaur Fighter began the quest for the Orb.
     0 | D:1      | Reached XP level 1. HP: 19/19 MP: 0/0
   148 | D:1      | Reached XP level 2. HP: 25/27 MP: 1/1
   250 | D:1      | Found a faded altar of an unknown god.
   774 | D:2      | Noticed Natasha
   779 | D:2      | Noticed a crimson imp
   784 | D:2      | Killed Natasha
   785 | D:2      | Reached XP level 3. HP: 26/33 MP: 2/2
   904 | D:2      | HP: 1/33 [orc/+0 trident (2)]
   905 | D:2      | Slain by an orc

Illustrated notes

Levels and vault maps discovered:
D:1:      lordsloth_arrival_two_stooges, layout_loops_ring,
          dreamdust_ecumenical_altar_statues
D:2:      layout_rooms, basic_altar, uniq_natasha

Skill      XL: |  1  2 |
---------------+-------+-----
Shields        | 4 |  4.0
Armour         | 4 |  4.2
Fighting       | 4 |  4.2
Long Blades    | 3 |  3.4

Action                   || total
-------------------------++-------
Melee: Long sword        ||    61
       Headbutt          ||     6
  Use: Potion            ||     2
Armor: Scale mail        ||    34
Dodge: Dodged            ||    34
Block: Buckler           ||     9
